3L
KINGSTON TOWNSHIP KNIGHTS @ HOLLYWOOD SHREDDERS
06/04/2037
 
TOP OF THE 1ST
Kingston Township Knights batting - Pitching for Hollywood Shredders : RHP Octavius Pringle
Pitching: RHP Octavius Pringle
Batting: RHB Alfredo Cardenas 0-0: Ball
1-0: Called Strike
1-1: Swinging Strike
1-2: Foul Ball, location: 2F
1-2: Ball
2-2: Fly out, F9 (Flyball, 9LSF, EV 78.8 MPH)
Batting: RHB Takenao Wakabayashi 0-0: Foul Ball, location: 2F
0-1: Called Strike
0-2: Strikes out swinging
Batting: LHB Ed Mellor 0-0: Ball
1-0: Ball
2-0: Called Strike
2-1: Ball
3-1: SOLO HOME RUN (Flyball, 9D, EV 102.5 MPH), Distance : 368 ft
Batting: RHB Ron Bernard 0-0: Ball
1-0: Ground out 5-3 (Groundball, 5, EV 83.1 MPH)
Top of the 1st over - 1 run, 1 hit, 0 errors, 0 left on base; Kingston Township 1 - Hollywood 0
BOTTOM OF THE 1ST
Hollywood Shredders batting - Pitching for Kingston Township Knights : RHP Ray Goolsby
Pitching: RHP Ray Goolsby
Batting: LHB Chris Payling 0-0: Hit by Pitch
Batting: LHB Scott Kerin 0-0: Ball
1-0: Ball
2-0: Ball
3-0: Called Strike
3-1: Foul Ball, location: 2F
3-2: Base on Balls
Chris Payling to second
Batting: LHB Divine Diablo 0-0: Foul Ball, location: 2F
0-1: Swinging Strike
0-2: Ground out 6-3 (Groundball, 6MS, EV 83.8 MPH)
Chris Payling to third
Scott Kerin to second
Batting: RHB Derek Bangert 0-0: Ball
1-0: Fly out, F7 (Flyball, 7, EV 78.8 MPH)
Runner from 3rd tags up, SCORES, throw by LF
Batting: LHB Larry McLambroch 0-0: Ball
1-0: Called Strike
1-1: Ball
2-1: Ball
3-1: Base on Balls
Batting: RHB Guillermo Coss 0-0: Called Strike
0-1: Swinging Strike
0-2: Ball
1-2: Ball
2-2: Fly out, F1 (Line Drive, P, EV 68.1 MPH)
Bottom of the 1st over - 1 run, 0 hits, 0 errors, 2 left on base; Kingston Township 1 - Hollywood 1
TOP OF THE 2ND
Kingston Township Knights batting - Pitching for Hollywood Shredders : RHP Octavius Pringle
Batting: RHB Hou Kong 0-0: Called Strike
0-1: Ball
1-1: Foul Ball, location: 2F
1-2: Ball
2-2: Strikes out looking
Batting: RHB Scott Robertson 0-0: Swinging Strike
0-1: Ground out 5-3 (Groundball, 56, EV 89.4 MPH)
Batting: LHB Bartholomew Bailey 0-0: Ball
1-0: Ball
2-0: Ball
3-0: Called Strike
3-1: Base on Balls
Batting: RHB Júlio Rodríguez 0-0: Called Strike
0-1: Called Strike
0-2: Ball
1-2: Ball
2-2: SINGLE (Line Drive, 5D, EV 108.1 MPH)
Bartholomew Bailey to second
Batting: LHB Kyoji Hakoda 0-0: Ball
1-0: Ball
2-0: Ball
3-0: Called Strike
3-1: SINGLE (Flyball, 34D, EV 91.2 MPH)
Bartholomew Bailey to third
Júlio Rodríguez to second
Runner from 3rd tries for Home, SAFE, throw by RF to home
Batting: RHB Alfredo Cardenas 0-0: Ball
1-0: DOUBLE (Flyball, 89D, EV 104.4 MPH)
Júlio Rodríguez scores
Kyoji Hakoda to third
Runner from 3rd tries for Home, SAFE, no throw by CF
Batting: RHB Takenao Wakabayashi 0-0: Ball
1-0: Ball
2-0: Foul Ball, location: 2F
2-1: Ground out 6-3 (Groundball, 6MS, EV 92.5 MPH)
Top of the 2nd over - 3 runs, 3 hits, 0 errors, 1 left on base; Kingston Township 4 - Hollywood 1
BOTTOM OF THE 2ND
Hollywood Shredders batting - Pitching for Kingston Township Knights : RHP Ray Goolsby
Batting: RHB Kyu-cheol Kye 0-0: Ball
1-0: Foul Ball, location: 2F
1-1: Ball
2-1: Called Strike
2-2: Ball
3-2: Base on Balls
Batting: LHB Dallas McMurran 0-0: Ball
1-0: Fielders Choice at 2nd, 4-6 (Groundball, 34, EV 86.9 MPH)
Batting: SHB Alexei Ponikarov 0-0: Ball
Dallas McMurran is caught stealing 2nd base 2-6
1-0: Ball
2-0: Ball
3-0: Ground out 6-3 (Groundball, 6, EV 83.8 MPH)
Bottom of the 2nd over - 0 runs, 0 hits, 0 errors, 0 left on base; Kingston Township 4 - Hollywood 1
TOP OF THE 3RD
Kingston Township Knights batting - Pitching for Hollywood Shredders : RHP Octavius Pringle
Batting: LHB Ed Mellor 0-0: Swinging Strike
0-1: Called Strike
0-2: Ball
1-2: Fly out, F8 (Line Drive, 8LD, EV 95.6 MPH)
Batting: RHB Ron Bernard 0-0: Ball
1-0: Foul Ball, location: 2F
1-1: Called Strike
1-2: Fly out, F1 (Line Drive, P, EV 72.5 MPH)
Batting: RHB Hou Kong 0-0: Ball
1-0: Ball
2-0: Ball
3-0: Base on Balls
Batting: RHB Scott Robertson 0-0: Ball
1-0: Called Strike
1-1: Fly out, F9 (Flyball, 9LSF, EV 86.9 MPH)
Top of the 3rd over - 0 runs, 0 hits, 0 errors, 1 left on base; Kingston Township 4 - Hollywood 1
BOTTOM OF THE 3RD
Hollywood Shredders batting - Pitching for Kingston Township Knights : RHP Ray Goolsby
Batting: LHB Chris Payling 0-0: Called Strike
0-1: Ground out 5-3 (Groundball, 56, EV 95.6 MPH)
Batting: LHB Scott Kerin 0-0: Called Strike
0-1: Ball
1-1: Ground out 6-3 (Groundball, 6, EV 88.8 MPH)
Batting: LHB Divine Diablo 0-0: Ball
1-0: Ball
2-0: Ball
3-0: Called Strike
3-1: Called Strike
3-2: Ground out 6-3 (Groundball, 6, EV 86.9 MPH)
Bottom of the 3rd over - 0 runs, 0 hits, 0 errors, 0 left on base; Kingston Township 4 - Hollywood 1
TOP OF THE 4TH
Kingston Township Knights batting - Pitching for Hollywood Shredders : RHP Octavius Pringle
Batting: LHB Bartholomew Bailey 0-0: SINGLE (Groundball, 6D, EV 96.9 MPH)
Batting: RHB Júlio Rodríguez 0-0: Ball
1-0: Ball
2-0: Foul Ball, location: 2F
2-1: Foul Ball, location: 2F
2-2: Ball
3-2: Fly out, F9 (Line Drive, 9D, EV 109.4 MPH)
Batting: LHB Kyoji Hakoda 0-0: Called Strike
0-1: Ball
1-1: Fly out, F7 (Flyball, 78S, EV 76.2 MPH)
Batting: RHB Alfredo Cardenas 0-0: Ball
1-0: Called Strike
1-1: Ball
2-1: Foul Ball, location: 2F
2-2: Strikes out swinging
Top of the 4th over - 0 runs, 1 hit, 0 errors, 1 left on base; Kingston Township 4 - Hollywood 1
BOTTOM OF THE 4TH
Hollywood Shredders batting - Pitching for Kingston Township Knights : RHP Ray Goolsby
Batting: RHB Derek Bangert 0-0: Ball
1-0: Ball
2-0: Ground out U3 (Groundball, 3, EV 85.0 MPH)
Batting: LHB Larry McLambroch 0-0: Called Strike
0-1: Ball
1-1: Foul Ball, location: 2F
1-2: Ball
2-2: Ball
3-2: Foul Ball, location: 2F
3-2: Foul Ball, location: 2F
3-2: Foul Ball, location: 2F
3-2: Foul Ball, location: 2F
3-2: Strikes out swinging
Batting: RHB Guillermo Coss 0-0: Ball
1-0: Foul Ball, location: 2F
1-1: Ball
2-1: Ball
3-1: Called Strike
3-2: Base on Balls
Batting: RHB Kyu-cheol Kye 0-0: Swinging Strike
0-1: Called Strike
0-2: Ball
1-2: Ball
2-2: Ball
3-2: Base on Balls
Guillermo Coss to second
Batting: LHB Dallas McMurran 0-0: Ball
1-0: Called Strike
1-1: Foul Ball, location: 2F
1-2: Ball
2-2: Ball
3-2: Base on Balls
Guillermo Coss to third
Kyu-cheol Kye to second
Batting: SHB Alexei Ponikarov 0-0: Ground out U3 (Groundball, 3, EV 91.9 MPH)
Bottom of the 4th over - 0 runs, 0 hits, 0 errors, 3 left on base; Kingston Township 4 - Hollywood 1
TOP OF THE 5TH
Kingston Township Knights batting - Pitching for Hollywood Shredders : RHP Octavius Pringle
Batting: RHB Takenao Wakabayashi 0-0: Called Strike
0-1: Ball
1-1: Fly out, F8 (Flyball, 8RXD, EV 103.1 MPH)
Batting: LHB Ed Mellor 0-0: Ball
1-0: Swinging Strike
1-1: SINGLE (Groundball, 34D, EV 94.4 MPH)
Batting: RHB Ron Bernard 0-0: Ball
1-0: Called Strike
1-1: Swinging Strike
1-2: Ball
2-2: Fielders Choice at 2nd, 2-6 (Groundball, 13S, EV 61.9 MPH)
Batting: RHB Hou Kong 0-0: Ball
1-0: Foul Ball, location: 2F
1-1: Called Strike
Ron Bernard steals 2nd, throwing error, E2
Ron Bernard to third
1-2: Ball
2-2: Ball
3-2: Strikes out swinging
Top of the 5th over - 0 runs, 1 hit, 1 error, 1 left on base; Kingston Township 4 - Hollywood 1
BOTTOM OF THE 5TH
Hollywood Shredders batting - Pitching for Kingston Township Knights : RHP Ray Goolsby
Batting: LHB Chris Payling 0-0: Hit by Pitch
Batting: LHB Scott Kerin 0-0: Ball
1-0: Ball
2-0: Foul Ball, location: 2F
2-1: Called Strike
2-2: Ball
3-2: Fielders Choice at 2nd, 4-6 (Groundball, 4M, EV 86.2 MPH)
Batting: LHB Divine Diablo 0-0: Fly out, F8 (Flyball, 8RXD, EV 90.6 MPH)
Batting: RHB Derek Bangert 0-0: Called Strike
0-1: Foul Ball, location: 2F
0-2: Hit by Pitch
Scott Kerin to second
Batting: LHB Larry McLambroch 0-0: Foul Ball, location: 2F
0-1: Ball
1-1: Ball
2-1: Called Strike
2-2: Strikes out swinging
Bottom of the 5th over - 0 runs, 0 hits, 0 errors, 2 left on base; Kingston Township 4 - Hollywood 1
TOP OF THE 6TH
Kingston Township Knights batting - Pitching for Hollywood Shredders : RHP Octavius Pringle
Batting: RHB Scott Robertson 0-0: Called Strike
0-1: Called Strike
0-2: Strikes out swinging
Batting: LHB Bartholomew Bailey 0-0: Swinging Strike
0-1: Ground out U3 (Groundball, 3L, EV 105.0 MPH)
Batting: RHB Júlio Rodríguez 0-0: Ball
1-0: Called Strike
1-1: Ball
2-1: Ground out 6-3 (Groundball, 6, EV 77.5 MPH)
Top of the 6th over - 0 runs, 0 hits, 0 errors, 0 left on base; Kingston Township 4 - Hollywood 1
BOTTOM OF THE 6TH
Hollywood Shredders batting - Pitching for Kingston Township Knights : RHP Ray Goolsby
Batting: RHB Guillermo Coss 0-0: Ball
1-0: Ball
2-0: Foul Ball, location: 2F
2-1: Fly out, F8 (Line Drive, 8LM, EV 83.8 MPH)
Batting: RHB Kyu-cheol Kye 0-0: Ball
1-0: DOUBLE (Groundball, 5L, EV 103.8 MPH)
Batting: LHB Dallas McMurran 0-0: Called Strike
0-1: DOUBLE (Groundball, 5L, EV 97.5 MPH)
Kyu-cheol Kye scores
Pitching: LHP Ebby Calvin LaLoosh
Batting: SHB Alexei Ponikarov 0-0: Ball
1-0: Called Strike
1-1: Ball
2-1: Foul Ball, location: 2F
2-2: Foul Ball, location: 2F
2-2: Ground out 6-3 (Groundball, 6, EV 83.8 MPH)
Dallas McMurran to third
Batting: LHB Chris Payling 0-0: Called Strike
0-1: Fly out, F9 (Flyball, 9D, EV 91.9 MPH)
Bottom of the 6th over - 1 run, 2 hits, 0 errors, 1 left on base; Kingston Township 4 - Hollywood 2
TOP OF THE 7TH
Kingston Township Knights batting - Pitching for Hollywood Shredders : RHP Octavius Pringle
Pitching: LHP Bob Mullinax
Batting: LHB Kyoji Hakoda 0-0: Ball
1-0: Called Strike
1-1: Swinging Strike
1-2: Strikes out looking
Batting: RHB Alfredo Cardenas 0-0: SOLO HOME RUN (Flyball, 7D, EV 106.9 MPH), Distance : 379 ft
Batting: RHB Takenao Wakabayashi 0-0: Foul Ball, location: 2F
0-1: Called Strike
0-2: Ball
1-2: Fly out, F8 (Flyball, 8LS, EV 93.8 MPH)
Batting: LHB Ed Mellor 0-0: Ground out 4-3 (Groundball, 4, EV 81.2 MPH)
Top of the 7th over - 1 run, 1 hit, 0 errors, 0 left on base; Kingston Township 5 - Hollywood 2
BOTTOM OF THE 7TH
Hollywood Shredders batting - Pitching for Kingston Township Knights : LHP Ebby Calvin LaLoosh
Batting: LHB Scott Kerin 0-0: Called Strike
0-1: Ball
1-1: Fly out, F7 (Flyball, 78XD, EV 101.9 MPH)
Batting: LHB Divine Diablo 0-0: Swinging Strike
0-1: Swinging Strike
0-2: Ball
1-2: Foul Ball, location: 2F
1-2: Strikes out swinging
Batting: RHB Derek Bangert 0-0: Ball
1-0: Called Strike
1-1: Ball
2-1: Fly out, F8 (Flyball, 89M, EV 75.0 MPH)
Bottom of the 7th over - 0 runs, 0 hits, 0 errors, 0 left on base; Kingston Township 5 - Hollywood 2
TOP OF THE 8TH
Kingston Township Knights batting - Pitching for Hollywood Shredders : LHP Bob Mullinax
Pitching: LHP An Jang-Yop
Batting: RHB Ron Bernard 0-0: Ball
1-0: Called Strike
1-1: Foul Ball, location: 2F
1-2: Strikes out swinging
Batting: RHB Hou Kong 0-0: Swinging Strike
0-1: Called Strike
0-2: Ball
1-2: Strikes out swinging
Batting: RHB Scott Robertson 0-0: Called Strike
0-1: Called Strike
0-2: Fly out, F9 (Line Drive, 9, EV 98.1 MPH)
Top of the 8th over - 0 runs, 0 hits, 0 errors, 0 left on base; Kingston Township 5 - Hollywood 2
BOTTOM OF THE 8TH
Hollywood Shredders batting - Pitching for Kingston Township Knights : LHP Ebby Calvin LaLoosh
Batting: LHB Larry McLambroch 0-0: Foul Ball, location: 2F
0-1: Called Strike
0-2: Foul Ball, location: 2F
0-2: Ball
1-2: Fly out, F8 (Flyball, 8LM, EV 81.2 MPH)
Batting: RHB Guillermo Coss 0-0: Ball
1-0: Called Strike
1-1: Ground out 6-3 (Groundball, 56, EV 106.2 MPH)
Batting: RHB Kyu-cheol Kye 0-0: Ball
1-0: Called Strike
1-1: Ball
2-1: Foul Ball, location: 2F
2-2: Foul Ball, location: 2F
2-2: Ball
3-2: SINGLE (Groundball, 56D, EV 105.6 MPH)
Batting: LHB Dallas McMurran 0-0: Foul Ball, location: 2F
0-1: Ball
1-1: Swinging Strike
1-2: Ball
2-2: Ball
3-2: Foul Ball, location: 2F
3-2: Foul Ball, location: 2F
3-2: Strikes out swinging
Bottom of the 8th over - 0 runs, 1 hit, 0 errors, 1 left on base; Kingston Township 5 - Hollywood 2
TOP OF THE 9TH
Kingston Township Knights batting - Pitching for Hollywood Shredders : LHP An Jang-Yop
Batting: LHB Bartholomew Bailey 0-0: Ball
1-0: Ball
2-0: Ball
3-0: Base on Balls
Batting: RHB Júlio Rodríguez 0-0: Swinging Strike
Bartholomew Bailey is caught stealing 2nd base 2-4
0-1: Fly out, F8 (Line Drive, 8RD, EV 106.9 MPH)
Batting: LHB Kyoji Hakoda 0-0: Ball
1-0: Called Strike
1-1: Called Strike
1-2: Foul Ball, location: 2F
1-2: Ground out U3 (Groundball, 3L, EV 80.0 MPH)
Top of the 9th over - 0 runs, 0 hits, 0 errors, 0 left on base; Kingston Township 5 - Hollywood 2
BOTTOM OF THE 9TH
Hollywood Shredders batting - Pitching for Kingston Township Knights : LHP Ebby Calvin LaLoosh
Pitching: RHP John Riggleman
Batting: SHB Alexei Ponikarov 0-0: Foul Ball, location: 2F
0-1: Ball
1-1: Ball
2-1: Swinging Strike
2-2: Foul Ball, location: 2F
2-2: Ball
3-2: Ground out 6-3 (Groundball, 6, EV 88.1 MPH)
Batting: LHB Chris Payling 0-0: Ground out 1-3 (Groundball, 23, EV 66.2 MPH)
Batting: LHB Scott Kerin 0-0: Called Strike
0-1: Foul Ball, location: 2F
0-2: Ground out 4-3 (Groundball, 4M, EV 101.9 MPH)
Bottom of the 9th over - 0 runs, 0 hits, 0 errors, 0 left on base; Kingston Township 5 - Hollywood 2
Thursday, January 23rd, 2020 - OOTP Baseball 20.8 Build 74